[Event "Titled Tuesday Blitz August 1 Early 2023"]
[White "Gueci, Tea"]
[Black "Kaplan, Avi Harrison"]
[WhiteFideId "872342"]
[BlackFideId "30934559"]
[WhiteElo "2351"]
[BlackElo "2489"]
[Result "1/2-1/2"]
[Round "11"]
[TimeControl "180+1"]
[Date "2023.08.01"]
[WhiteClock "0:00:11"]
[BlackClock "0:00:21"]
[Board "111"]

1. c4 Nf6 2. Nf3 g6 3. g3 b6 4. Bg2 Bb7 5. Nc3 Bg7 6. d3 O-O 7. O-O c5 8. Rb1 d5 9. cxd5 Nxd5 10. Bd2 Nc6 11. Ne1 e5 12. Bxd5 Kh8 13. Bg2 f5 14. e3 f4 15. exf4 exf4 16. Bxf4 Qe7 17. Nd5 Qd7 18. Nc2 Rad8 19. Bg5 Rde8 20. Qd2 Ne5 21. Nce3 Ba8 22. f4 Nc6 23. Nc4 Nd4 24. Nc3 b5 25. Ne5 Qc7 26. Bxa8 Rxa8 27. Nd5 Qb7 28. Qg2 Ne6 29. Be7 Rfe8 30. Bf6 Bxf6 31. Nxf6 Qg7 32. Ne4 Rad8 33. Rfd1 Nd4 34. Nxc5 Rc8 35. Ne4 Rc2 36. Rd2 Rec8 37. h3 Rxd2 38. Nxd2 Rc2 39. Rd1 h5 40. Qa8+ Kh7 41. Qe4 Nf5 42. Ndf3 Nxg3 43. Ng5+ Kg8 44. Qd5+ Kh8 45. Nef7+ Qxf7 46. Nxf7+ Kg7 47. Ng5 Ne2+ 48. Kf1 Ng3+ 49. Kg1 Ne2+ 50. Kh1 Ng3+ 51. Kg1 1/2-1/2


[Site "https://www.chess.com"]

[Event "Titled Tuesday Blitz August 1 Early 2023"]
[White "Xavier_mompel"]
[Black "Khamdamova, Afruza"]
[BlackFideId "14210444"]
[WhiteElo "2300"]
[BlackElo "2485"]
[Result "1-0"]
[Round "11"]
[TimeControl "180+1"]
[Date "2023.08.01"]
[WhiteClock "0:00:04"]
[BlackClock "0:00:07"]
[Board "112"]

1. e4 e5 2. Nf3 Nc6 3. Bb5 a6 4. Ba4 Nf6 5. O-O Be7 6. Re1 b5 7. Bb3 d6 8. a4 Bd7 9. h3 O-O 10. c3 b4 11. d4 bxc3 12. bxc3 Rb8 13. Bc4 Na5 14. Bxa6 exd4 15. Nxd4 c5 16. Nf5 Bxf5 17. exf5 d5 18. Bf4 Bd6 19. Bxd6 Qxd6 20. Bb5 Qf4 21. Qc2 Ne4 22. f3 Nd6 23. Na3 Nxf5 24. Qd3 Rfd8 25. Rad1 h6 26. Qd2 Qg3 27. Qf2 Qd6 28. Nc4 Nxc4 29. Bxc4 d4 30. g4 Ne7 31. cxd4 cxd4 32. Re4 Nc6 33. Bb5 Qc5 34. Bxc6 Qxc6 35. Rexd4 Rxd4 36. Rxd4 Rb1+ 37. Kg2 Qc1 38. Rd8+ Kh7 39. Kg3 Qh1 40. Qc2+ g6 41. Rd7 Rg1+ 42. Kf4 Kg8 43. Qc8+ Kg7 44. Qc3+ Kf8 45. Qh8# 1-0


[Site "https://www.chess.com"]

[Event "Titled Tuesday Blitz August 1 Early 2023"]
[White "Ferro, Mario"]
[Black "Rama, Tejas"]
[WhiteFideId "810290"]
[BlackFideId "30907381"]
[WhiteElo "2341"]
[BlackElo "2478"]
[Result "1-0"]
[Round "11"]
[TimeControl "180+1"]
[Date "2023.08.01"]
[WhiteClock "0:00:13"]
[BlackClock "0:00:15"]
[Board "113"]

1. Nf3 Nf6 2. g3 g6 3. Bg2 Bg7 4. O-O O-O 5. c4 c6 6. Nc3 d5 7. cxd5 cxd5 8. d4 Ne4 9. Ne5 Bf5 10. Nxe4 dxe4 11. Be3 Nc6 12. Nxc6 bxc6 13. Qa4 e5 14. dxe5 Bxe5 15. Bxe4 Bxb2 16. Rab1 Bxe4 17. Qxe4 Qf6 18. Qc2 Rfb8 19. Rfd1 a5 20. a4 Bc3 21. Rxb8+ Rxb8 22. Rc1 Bd4 23. Bf4 Rb2 24. Qe4 g5 25. Rxc6 Qd8 26. Bxg5 Bxf2+ 27. Kxf2 Qxg5 28. Rc8+ Kg7 29. Qd4+ Qf6+ 30. Qxf6+ Kxf6 31. Rc5 Rb4 32. Rxa5 Kg6 33. Ra8 f5 34. Kf3 Kg5 35. h4+ Kh5 36. e3 h6 37. a5 Ra4 38. a6 Rb4 39. Rf8 Ra4 40. Rxf5+ Kg6 41. g4 Rxa6 42. Rb5 Rf6+ 43. Kg3 Re6 44. Kf4 Rf6+ 45. Rf5 Ra6 46. h5+ Kg7 47. e4 Ra1 48. Rc5 Rf1+ 49. Ke5 Rg1 50. Rc7+ Kg8 51. Kf5 Re1 52. e5 Kf8 53. e6 Ke8 54. Rh7 Rf1+ 55. Kg6 Re1 56. e7 Re6+ 57. Kf5 Rxe7 58. Rxe7+ Kxe7 59. Kg6 Kf8 60. Kxh6 Kg8 61. Kg6 Kh8 62. g5 Kg8 63. Kf6 Kh7 64. g6+ Kg8 65. g7 Kh7 66. Kf7 Kh6 67. g8=Q Kxh5 68. Qg3 1-0


[Site "https://www.chess.com"]

[Event "Titled Tuesday Blitz August 1 Early 2023"]
[White "Vidruska, Renate"]
[Black "Gaal, Zsoka"]
[WhiteFideId "11601841"]
[BlackFideId "777765"]
[WhiteElo "2286"]
[BlackElo "2473"]
[Result "1/2-1/2"]
[Round "11"]
[TimeControl "180+1"]
[Date "2023.08.01"]
[WhiteClock "0:00:38"]
[BlackClock "0:00:05"]
[Board "114"]

1. e4 e5 2. Nf3 d6 3. Nc3 Nf6 4. d4 exd4 5. Nxd4 g6 6. Bf4 Bg7 7. Qd2 Nc6 8. Nxc6 bxc6 9. O-O-O Bb7 10. f3 Nd7 11. h4 Qe7 12. h5 O-O-O 13. Be3 Kb8 14. Bc4 Ne5 15. Bb3 c5 16. Nd5 Bxd5 17. Bxd5 c6 18. Bb3 c4 19. Ba4 Qb7 20. Bd4 Qa6 21. b3 c5 22. Bc3 cxb3 23. cxb3 Nc4 24. bxc4 Bxc3 25. Qxc3 Qxa4 26. Qb3+ Qxb3 27. axb3 Kc7 28. Kc2 g5 29. g4 h6 30. Ra1 Kb6 31. Kc3 Rb8 32. Rhd1 Rhd8 33. Rd5 Rb7 34. Rad1 Kc6 35. e5 Rbd7 36. exd6 Rxd6 37. Rxd6+ Rxd6 38. Ra1 Re6 39. Kd3 Kb6 40. Kd2 Rd6+ 41. Ke3 Rd4 42. Ra2 Rd1 43. Ke4 Rb1 44. Ra3 Re1+ 45. Kd3 Rd1+ 46. Ke4 Rd4+ 47. Ke3 f6 48. Ra2 Rd1 49. Ra3 Rd4 50. Ra1 Kb7 51. Ra5 Kb6 52. Ra3 a6 53. Ra2 Rd1 54. Ra3 Re1+ 55. Kd3 Rf1 56. Ke3 Rd1 57. Ke4 Rd4+ 58. Ke3 Rf4 59. Ke2 f5 60. gxf5 Rxf5 61. Ke3 Rf4 62. Ra2 Rh4 63. Rd2 Rxh5 64. Rd6+ Ka5 65. Rc6 Kb4 66. Rb6+ Kc3 67. Ke4 Rh3 68. f4 gxf4 69. Kxf4 h5 70. Kg5 Kc2 71. b4 cxb4 72. Rxb4 Kc3 73. Ra4 Kd4 74. Rxa6 Kxc4 75. Rh6 Kd4 76. Rxh5 Rxh5+ 77. Kxh5 1/2-1/2


[Site "https://www.chess.com"]

[Event "Titled Tuesday Blitz August 1 Early 2023"]
[White "Daniel_Salinas"]
[Black "Kayis, Gulcan Sena"]
[BlackFideId "34553045"]
[WhiteElo "2280"]
[BlackElo "2454"]
[Result "1-0"]
[Round "11"]
[TimeControl "180+1"]
[Date "2023.08.01"]
[WhiteClock "0:00:08"]
[BlackClock "0:00:09"]
[Board "115"]

1. d4 d5 2. c4 c6 3. Nf3 Nf6 4. g3 Bg4 5. Ne5 Bf5 6. Bg2 Nbd7 7. O-O e6 8. Nc3 Be7 9. Qb3 Qc8 10. Bf4 O-O 11. Rac1 Nxe5 12. dxe5 dxc4 13. Qxc4 Nd7 14. Rfd1 Nb6 15. Qb3 Rd8 16. a4 Bg6 17. a5 Rxd1+ 18. Qxd1 Nd7 19. a6 bxa6 20. Na4 Rb8 21. Rxc6 Qe8 22. Rxa6 Nc5 23. Rxa7 Nxa4 24. Qxa4 Qxa4 25. Rxa4 Rxb2 26. Ra8+ Bf8 27. Bg5 Rb1+ 28. Bf1 Be4 29. Rc8 Rb7 30. Bc1 Ra7 31. Be3 Ra5 32. Bb6 Rb5 33. Bd8 Rb7 34. Bc7 f6 35. Bd6 Rf7 36. Bh3 f5 37. f3 Bd5 38. e4 fxe4 39. fxe4 Bb3 40. Re8 g6 41. Bxe6 Bxe6 42. Rxe6 Kg7 43. Rf6 Rxf6 44. exf6+ Kf7 45. Bxf8 Kxf8 46. Kf2 Kf7 47. e5 g5 48. Kf3 Ke6 49. Kg4 h6 50. Kh5 Kf7 51. Kxh6 Kf8 52. Kxg5 Kf7 53. Kf5 Kf8 54. e6 Ke8 55. Kg6 Kf8 56. f7 Ke7 57. Kg7 1-0


[Site "https://www.chess.com"]

[Event "Titled Tuesday Blitz August 1 Early 2023"]
[White "Vafin, Ayrat"]
[Black "Carrasco Miranda, Andres"]
[WhiteFideId "4146530"]
[BlackFideId "3405990"]
[WhiteElo "2257"]
[BlackElo "2445"]
[Result "1-0"]
[Round "11"]
[TimeControl "180+1"]
[Date "2023.08.01"]
[WhiteClock "0:00:32"]
[BlackClock "0:00:01"]
[Board "116"]

1. Nf3 Nf6 2. g3 g6 3. Bg2 Bg7 4. O-O O-O 5. c4 d5 6. d4 Nc6 7. cxd5 Nxd5 8. Nc3 Nb6 9. e3 Re8 10. b3 e5 11. dxe5 Qxd1 12. Rxd1 Nxe5 13. Nxe5 Bxe5 14. Bb2 Bg4 15. f3 Be6 16. f4 Bg7 17. Bxb7 Rab8 18. Bc6 Red8 19. Rxd8+ Rxd8 20. Rd1 Rb8 21. Rd2 a5 22. Kf2 h5 23. Na4 Bf8 24. Bf6 Bd6 25. Nc3 Kh7 26. Ne4 Ba3 27. Rd8 Rxd8 28. Bxd8 a4 29. Bxc7 axb3 30. axb3 Nc8 31. Ng5+ Kg7 32. Nxe6+ fxe6 33. Bd7 Ne7 34. Bxe6 Nc6 35. Bd5 Ne7 36. Be5+ Kh6 37. Be4 Bc5 38. Kf3 Nc8 39. h3 Nb6 40. g4 hxg4+ 41. hxg4 Nd7 42. g5+ Kh5 43. Bc3 Nb6 44. Kg3 Be7 45. Bf3# 1-0


[Site "https://www.chess.com"]

[Event "Titled Tuesday Blitz August 1 Early 2023"]
[White "Ventura Bolet, Maxim"]
[Black "Howell, David W L"]
[WhiteFideId "22238824"]
[BlackFideId "410608"]
[WhiteElo "2373"]
[BlackElo "3025"]
[Result "0-1"]
[Round "11"]
[TimeControl "180+1"]
[Date "2023.08.01"]
[WhiteClock "0:00:00"]
[BlackClock "0:00:13"]
[Board "117"]

1. c4 a6 2. g3 c6 3. Bg2 d5 4. b3 e5 5. cxd5 cxd5 6. Bb2 Nc6 7. Nf3 Bd6 8. O-O Nge7 9. d4 e4 10. Ne5 Na7 11. f3 f6 12. fxe4 fxe5 13. dxe5 Bc5+ 14. Kh1 d4 15. Na3 Nac6 16. Nc4 Be6 17. e3 Bxc4 18. bxc4 Ng6 19. exd4 Bxd4 20. Bxd4 Qxd4 21. Qg4 Qxe5 22. Rad1 Rd8 23. Rd5 Qe7 24. Rfd1 O-O 25. h4 Nge5 26. Qe2 h6 27. Bh3 Kh8 28. Bf5 Qf7 29. Kg2 Rde8 30. Rd6 Re7 31. Qe3 Nxc4 32. Rxh6+ gxh6 33. Qxh6+ Kg8 34. Qg5+ Qg7 35. Qh5 Ne3+ 36. Kh3 Nxd1 37. Bg4 Nf2+ 0-1


[Site "https://www.chess.com"]

[Event "Titled Tuesday Blitz August 1 Early 2023"]
[White "Shapiro, Daniel"]
[Black "Bilan, Danila"]
[WhiteFideId "2001780"]
[BlackFideId "24161918"]
[WhiteElo "2357"]
[BlackElo "2547"]
[Result "1-0"]
[Round "11"]
[TimeControl "180+1"]
[Date "2023.08.01"]
[WhiteClock "0:00:06"]
[BlackClock "0:00:01"]
[Board "118"]

1. d4 d5 2. c4 c6 3. Nf3 Nf6 4. Qb3 e6 5. Nc3 Nbd7 6. g3 Bd6 7. Nd2 O-O 8. Bg2 b6 9. O-O Bb7 10. e4 dxe4 11. Ndxe4 Nxe4 12. Nxe4 Be7 13. c5 Nf6 14. Rd1 Nd5 15. a3 Ba6 16. Qc2 f5 17. Nd2 bxc5 18. dxc5 Bf6 19. Nc4 Rb8 20. Rb1 Qe7 21. Nd6 Be5 22. Qa4 Bb7 23. Qxa7 Bxd6 24. cxd6 Qxd6 25. Be3 Qe7 26. Bc5 Qf7 27. Bxf8 Re8 28. Bc5 g5 29. Qa4 h5 30. Qc2 h4 31. Qe2 Kh7 32. Bd4 Rg8 33. Qe5 Ba6 34. Rbc1 Bb7 35. b4 f4 36. b5 f3 37. Bf1 hxg3 38. Bd3+ Kh6 39. hxg3 cxb5 40. Qe4 Qh5 41. Qh7# 1-0


[Site "https://www.chess.com"]

[Event "Titled Tuesday Blitz August 1 Early 2023"]
[White "robertoalejandro10"]
[Black "Topalov, Aleksandar"]
[BlackFideId "925659"]
[WhiteElo "2536"]
[BlackElo "2356"]
[Result "1-0"]
[Round "11"]
[TimeControl "180+1"]
[Date "2023.08.01"]
[WhiteClock "0:00:08"]
[BlackClock "0:00:04"]
[Board "119"]

1. d4 f5 2. Bg5 d6 3. Nc3 g6 4. e4 Bg7 5. Qd2 h6 6. Be3 Nf6 7. Bd3 Ng4 8. O-O-O Nxe3 9. Qxe3 O-O 10. h4 Nc6 11. Nge2 e5 12. dxe5 Nxe5 13. h5 g5 14. exf5 Nxd3+ 15. Qxd3 Bxf5 16. Qd5+ Kh8 17. f4 Bg4 18. fxg5 Rf5 19. Qd3 Rxg5 20. Rde1 Be5 21. g3 Bf5 22. Qd2 Qf6 23. Nf4 Bxc3 24. bxc3 Rag8 25. Ng6+ Bxg6 26. hxg6 R5xg6 27. Re3 R8g7 28. Kb2 Kh7 29. Qd3 Kh8 30. Qd2 Rg5 31. Qe2 a6 32. Re6 Rb5+ 33. Qxb5 axb5 34. Rxf6 1-0


[Site "https://www.chess.com"]

[Event "Titled Tuesday Blitz August 1 Early 2023"]
[White "Liu, Casper"]
[Black "Nithyalakshmi, Sivanesan"]
[WhiteFideId "1454153"]
[BlackFideId "5706955"]
[WhiteElo "2480"]
[BlackElo "2355"]
[Result "1-0"]
[Round "11"]
[TimeControl "180+1"]
[Date "2023.08.01"]
[WhiteClock "0:00:48"]
[BlackClock "0:00:49"]
[Board "120"]

1. e4 e6 2. d4 d5 3. h4 Nf6 4. h5 Nxe4 5. h6 g6 6. Bd3 Nf6 7. Bg5 Be7 8. Nf3 Nbd7 9. Nbd2 Ng4 10. Bf4 c5 11. c3 c4 12. Bc2 Qb6 13. b3 cxb3 14. axb3 Bd6 15. Bg5 Qc7 16. Rc1 Bf4 17. Rh3 Bxg5 18. Nxg5 Qf4 19. Ndf3 Nb6 20. Rh4 f5 21. g3 Qd6 22. Nxh7 Rxh7 23. Rxg4 Rxh6 24. Rh4 Rxh4 25. Nxh4 Kf7 26. Qd2 Qf8 27. Qg5 Qg7 28. Bd1 Bd7 29. Nxg6 Rg8 30. Bh5 Qf6 31. Ne5+ 1-0


[Site "https://www.chess.com"]

[Event "Titled Tuesday Blitz August 1 Early 2023"]
[White "Mayaud, Raphael"]
[Black "Girya, Olga"]
[WhiteFideId "627151"]
[BlackFideId "4195752"]
[WhiteElo "2352"]
[BlackElo "2465"]
[Result "1-0"]
[Round "11"]
[TimeControl "180+1"]
[Date "2023.08.01"]
[WhiteClock "0:00:20"]
[BlackClock "0:00:00"]
[Board "121"]

1. d4 Nf6 2. Bg5 d5 3. Bxf6 gxf6 4. c4 e5 5. cxd5 Qxd5 6. Nc3 Qxd4 7. Qxd4 exd4 8. Nb5 Bb4+ 9. Kd1 Ba5 10. Nxd4 Bd7 11. e3 Nc6 12. Bb5 Nxd4 13. Bxd7+ Kxd7 14. exd4 Rhg8 15. g3 Bb6 16. Nf3 Rg4 17. Kc2 Re8 18. Rhe1 Rge4 19. Rxe4 Rxe4 20. Kd3 f5 21. Re1 Rxe1 22. Nxe1 Ke6 23. Kc4 f4 24. g4 f5 25. h3 fxg4 26. hxg4 Kf6 27. Kd5 Kg5 28. f3 Kh4 29. Ke4 Kg3 30. Nd3 1-0


[Site "https://www.chess.com"]

[Event "Titled Tuesday Blitz August 1 Early 2023"]
[White "Elissalt Cardenas, Hector"]
[Black "D`Arruda, Ricardo D."]
[WhiteFideId "3500632"]
[BlackFideId "100692"]
[WhiteElo "2340"]
[BlackElo "2461"]
[Result "1-0"]
[Round "11"]
[TimeControl "180+1"]
[Date "2023.08.01"]
[WhiteClock "0:00:16"]
[BlackClock "0:00:43"]
[Board "122"]

1. d4 Nf6 2. c4 e5 3. dxe5 Ne4 4. a3 Nc6 5. Nf3 d6 6. e3 dxe5 7. Qxd8+ Kxd8 8. Nbd2 Nxd2 9. Bxd2 f6 10. O-O-O Be6 11. Bc3+ Ke8 12. Rg1 Be7 13. g4 g5 14. h4 h6 15. Bd3 Kf7 16. h5 Rhd8 17. Bg6+ Kg7 18. Nd2 a5 19. Kc2 Nb4+ 20. axb4 axb4 21. Bf5 Bf7 22. Ne4 bxc3 23. Kxc3 Ra4 24. b3 Bb4+ 25. Kb2 Raa8 26. Ng3 Ba3+ 27. Kb1 Bb4 28. Be4 c6 29. Nf5+ Kf8 30. Nxh6 Be6 31. Nf5 Bxf5 32. Bxf5 Kg7 33. h6+ Kxh6 34. Rxd8 Rxd8 35. Rh1+ Kg7 36. Rh7+ Kg8 37. Rxb7 c5 38. Be6+ Kh8 39. Bd5 Ra8 40. Rxb4 1-0


[Site "https://www.chess.com"]

[Event "Titled Tuesday Blitz August 1 Early 2023"]
[White "Kaminski, Victor"]
[Black "Ronka, Erik"]
[WhiteFideId "1131630"]
[BlackFideId "505080"]
[WhiteElo "2334"]
[BlackElo "2452"]
[Result "0-1"]
[Round "11"]
[TimeControl "180+1"]
[Date "2023.08.01"]
[WhiteClock "0:02:00"]
[BlackClock "0:02:25"]
[Board "123"]

1. e4 a6 2. Bc4 c5 3. Qf3 e6 4. Nh3 b5 5. Be2 Bb7 6. d3 Be7 7. O-O Nf6 8. Nc3 O-O 9. Qg3 Kh8 10. Bf4 d6 11. e5 dxe5 12. Bxe5 Nc6 13. Bf4 Nd4 14. Bd1 Nf5 15. Qg5 h6 0-1


[Site "https://www.chess.com"]

[Event "Titled Tuesday Blitz August 1 Early 2023"]
[White "Alimpic, Aleksa"]
[Black "Fernandez Garcia, Gumersindo"]
[WhiteFideId "974323"]
[BlackFideId "24516740"]
[WhiteElo "2328"]
[BlackElo "2420"]
[Result "1/2-1/2"]
[Round "11"]
[TimeControl "180+1"]
[Date "2023.08.01"]
[WhiteClock "0:00:08"]
[BlackClock "0:01:16"]
[Board "124"]

1. d4 Nf6 2. Nf3 c5 3. c3 d5 4. Bg5 Nc6 5. e3 Qb6 6. Qb3 c4 7. Qc2 Bf5 8. Qc1 h6 9. Bxf6 exf6 10. Nbd2 Bd6 11. Be2 O-O 12. O-O Rfe8 13. Re1 Qc7 14. Bd1 b5 15. Bc2 Bxc2 16. Qxc2 g6 17. e4 Ne7 18. h4 h5 19. Re2 Bf4 20. Rae1 Bxd2 21. Nxd2 Qd7 22. exd5 Nxd5 23. Rxe8+ Rxe8 24. Rxe8+ Qxe8 25. Qe4 Qxe4 26. Nxe4 b4 27. cxb4 Nxb4 28. Nc3 Nd3 29. b3 cxb3 30. axb3 Kf8 31. Kf1 Ke7 32. f3 a6 33. Ne4 a5 34. Nc5 Nc1 35. Ke1 Kd6 36. Kd2 Na2 37. Kd3 Kd5 38. Nb7 Nb4+ 39. Kc3 Nc6 40. Kd3 f5 41. g3 f6 42. f4 Nb4+ 43. Kc3 Nc6 44. Kd3 Nxd4 45. Nxa5 Ne6 46. Nc4 g5 47. Ne3+ Kc5 48. fxg5 fxg5 49. Nxf5 gxh4 50. gxh4 Kb4 51. Kc2 Nc5 52. Ng3 Nxb3 53. Nxh5 Nd4+ 54. Kd3 Nf5 55. Nf4 Nxh4 1/2-1/2


[Site "https://www.chess.com"]

[Event "Titled Tuesday Blitz August 1 Early 2023"]
[White "Antonio, Jorge Carlos"]
[Black "Harriott, Tyrell"]
[WhiteFideId "113190"]
[BlackFideId "2086484"]
[WhiteElo "2325"]
[BlackElo "2418"]
[Result "0-1"]
[Round "11"]
[TimeControl "180+1"]
[Date "2023.08.01"]
[WhiteClock "0:02:05"]
[BlackClock "0:02:15"]
[Board "125"]

1. d4 e6 2. Nf3 d5 3. Bf4 Ne7 4. e3 Ng6 5. Bg3 Be7 6. h4 O-O 7. h5 Nh8 8. Bd3 f5 9. Ne5 Nd7 10. Nxd7 Bxd7 11. Be5 Nf7 12. f4 Bh4+ 13. Kf1 Nxe5 14. dxe5 c5 15. c3 Bc6 16. Rg1 Bg3 17. Qf3 Qh4 18. Qe2 d4 19. exd4 Qxf4+ 0-1


[Site "https://www.chess.com"]

[Event "Titled Tuesday Blitz August 1 Early 2023"]
[White "FREDERICKtheMATE"]
[Black "Viskelis, Darius"]
[BlackFideId "12800830"]
[WhiteElo "2415"]
[BlackElo "2321"]
[Result "1-0"]
[Round "11"]
[TimeControl "180+1"]
[Date "2023.08.01"]
[WhiteClock "0:01:41"]
[BlackClock "0:00:13"]
[Board "126"]

1. Nf3 Nf6 2. g3 g6 3. Bg2 Bg7 4. O-O O-O 5. d4 d6 6. c4 Nc6 7. Nc3 e5 8. d5 Ne7 9. e4 c5 10. Ne1 Nh5 11. Nd3 f5 12. exf5 Bxf5 13. Be3 e4 14. Nxe4 Bxb2 15. Nxb2 Qd7 16. Ng5 Bg4 17. f3 Bf5 18. g4 h6 19. Nh3 Rae8 20. gxf5 Nxf5 21. Bf2 Qg7 22. Nd3 Ne3 23. Bxe3 Rxe3 24. Ndf2 Rfe8 25. Ne4 g5 26. Qd2 Ra3 27. Rab1 b6 28. Qb2 Qd4+ 29. Qxd4 cxd4 30. Rf2 Ng7 31. Nf6+ Kf7 32. Nxe8 Kxe8 33. Rb3 Ra4 34. Bf1 Nf5 35. Rd2 Kf7 36. Nf2 Kg6 37. Bd3 Kf6 38. Ng4+ 1-0


[Site "https://www.chess.com"]

[Event "Titled Tuesday Blitz August 1 Early 2023"]
[White "Avazkhonov, Alikhon"]
[Black "rionelG"]
[WhiteFideId "14208504"]
[WhiteElo "2408"]
[BlackElo "2301"]
[Result "1-0"]
[Round "11"]
[TimeControl "180+1"]
[Date "2023.08.01"]
[WhiteClock "0:01:44"]
[BlackClock "0:00:00"]
[Board "127"]

1. d4 Nf6 2. c4 g6 3. Nc3 Bg7 4. e4 O-O 5. f3 d6 6. Be3 c5 7. Nge2 cxd4 8. Nxd4 Nc6 9. Qd2 e6 10. O-O-O d5 11. Nxc6 bxc6 12. e5 Nd7 13. f4 a5 14. Na4 Ba6 15. c5 Rb8 16. Bxa6 Rb4 17. b3 f6 18. Bd4 fxe5 19. fxe5 1-0


[Site "https://www.chess.com"]

[Event "Titled Tuesday Blitz August 1 Early 2023"]
[White "Zaksaite, Salomeja"]
[Black "Diaz Herquinio, Brahian"]
[WhiteFideId "12801496"]
[BlackFideId "3809480"]
[WhiteElo "2300"]
[BlackElo "2405"]
[Result "1-0"]
[Round "11"]
[TimeControl "180+1"]
[Date "2023.08.01"]
[WhiteClock "0:00:04"]
[BlackClock "0:00:00"]
[Board "128"]

1. e4 c5 2. Nf3 d6 3. d4 cxd4 4. Nxd4 Nf6 5. Nc3 a6 6. Bc4 e6 7. Bb3 Nbd7 8. O-O Nc5 9. f3 Be7 10. Be3 O-O 11. Qe1 Bd7 12. Rd1 Rc8 13. Qg3 Kh8 14. Kh1 b5 15. e5 dxe5 16. Qxe5 Qc7 17. Qxc7 Rxc7 18. Bf4 Rcc8 19. Be5 Rfd8 20. Rd2 b4 21. Nb1 a5 22. Rfd1 Be8 23. c3 a4 24. Bc2 Ncd7 25. Bg3 bxc3 26. bxc3 Nb6 27. Bd3 Nfd5 28. Ne2 Ne3 29. Re1 Nec4 30. Rc2 Ne3 31. Rd2 Nbc4 32. Bxc4 Nxc4 33. Rc2 a3 34. Nd4 Bf6 35. Nb3 Ba4 36. Kg1 Rd3 37. Rec1 Rcd8 38. Kf1 Ne3+ 39. Ke2 Nxc2 40. Rxc2 Rd1 41. Nxa3 R1d3 42. Bc7 R8d7 43. Ba5 R3d5 44. Rb2 h5 45. Bb4 Bb5+ 46. Ke3 Ba4 47. Nc5 Rc7 48. Nxa4 Bg5+ 49. f4 Bf6 50. Nb6 Rd8 51. Nac4 g5 52. a4 gxf4+ 53. Kxf4 Kg7 54. a5 Rb8 55. a6 Bd8 56. Ra2 Ra7 57. Bc5 1-0


[Site "https://www.chess.com"]

[Event "Titled Tuesday Blitz August 1 Early 2023"]
[White "Vaglio Munoz, Jaime"]
[Black "FuenfgegenWilly"]
[WhiteFideId "6500145"]
[WhiteElo "2278"]
[BlackElo "2405"]
[Result "0-1"]
[Round "11"]
[TimeControl "180+1"]
[Date "2023.08.01"]
[WhiteClock "0:00:00"]
[BlackClock "0:03:15"]
[Board "129"]

1. Nf3 f5 2. c4 Nf6 3. b3 d6 4. d4 g6 5. Bb2 Bg7 6. g3 O-O 7. Bg2 Nc6 8. d5 Nb4 9. a3 Na6 10. b4 c6 11. O-O Qe8 12. Ng5 h6 13. Ne6 Bxe6 14. dxe6 Qc8 15. Re1 Qxe6 16. Nd2 Nc7 17. e4 fxe4 18. Nxe4 Qxc4 19. Rc1 Qf7 20. Nxf6+ Bxf6 21. Bxf6 Qxf6 22. Rc2 Kf7 23. Rce2 e5 24. Qb3+ Kg7 25. f4 Rae8 26. fxe5 dxe5 27. Be4 Ne6 28. Qe3 Nd4 29. Rd2 Rd8 30. Red1 Rd6 31. Kg2 Qg5 32. Qxg5 hxg5 33. a4 Rdf6 34. b5 cxb5 35. axb5 Rb6 36. Rc1 Rf7 37. Rc5 Kf6 38. Rf2+ Kg7 39. Rxf7+ Kxf7 40. Rxe5 Rxb5 41. Rxb5 Nxb5 42. Bxb7 a5 43. Bc6 Nc3 44. Kf3 a4 45. Ke3 a3 46. Kd3 a2 47. Kxc3 a1=Q+ 48. Kd2 Qb2+ 49. Ke3 Qc3+ 50. Kf2 Qxc6 51. h4 Qc8 52. hxg5 Qb8 53. Kf3 Qa7 54. Kg4 Qb7 55. Kh4 Qc7 56. g4 Qd7 57. Kh3 Qe7 58. Kh4 Qf8 59. Kh3 Qg8 60. Kh4 Qh8+ 61. Kg3 Qh7 62. Kf4 Qg7 63. Kg3 Qf8 64. Kf4 Qe8 65. Kg3 Qd8 66. Kh4 Qc8 67. Kg3 Ke6 68. Kh4 Kd6 69. Kg3 Kd5 70. Kf4 Kd4 71. Kg3 Ke5 72. Kh4 Qd8 73. Kg3 Qxg5 74. Kf3 Qe7 75. Kg3 Qe8 76. Kh4 Qf8 77. g5 Qg8 78. Kg4 Qh8 79. Kg3 Qh7 80. Kg4 Qg7 81. Kh4 Qf7 82. Kg3 Qe7 83. Kg4 Qd7+ 84. Kh4 Qc7 85. Kg3 Qb7 86. Kh4 Qa7 87. Kg3 Qa6 88. Kh4 Qb6 89. Kg4 Qc6 90. Kh4 Qd6 91. Kg3 Qe6 92. Kh4 Qd5 93. Kg3 Qc5 94. Kh4 Qb5 95. Kg3 Qa5 96. Kg4 Qa4+ 97. Kg3 Qb4 98. Kh3 Qc4 99. Kg3 Qd4 100. Kf3 Qc3+ 101. Kg4 Qb3 102. Kh4 Qa3 103. Kg4 Qa2 104. Kh4 Qb2 105. Kg4 Qa1 106. Kh4 Qb1 107. Kg4 Qe4+ 108. Kg3 Qf4+ 109. Kh3 Qxg5 110. Kh2 Qg4 111. Kh1 Ke6 112. Kh2 Ke7 113. Kh1 Ke8 114. Kh2 Kd8 0-1


[Site "https://www.chess.com"]

[Event "Titled Tuesday Blitz August 1 Early 2023"]
[White "Tqebuchava, Zurab"]
[Black "Dishman, Stephen"]
[WhiteFideId "13601113"]
[BlackFideId "403024"]
[WhiteElo "2276"]
[BlackElo "2401"]
[Result "0-1"]
[Round "11"]
[TimeControl "180+1"]
[Date "2023.08.01"]
[WhiteClock "0:00:00"]
[BlackClock "0:00:11"]
[Board "130"]

1. e4 d6 2. d3 Nf6 3. Nc3 e5 4. g3 Be7 5. Bg2 O-O 6. h3 c6 7. Be3 d5 8. exd5 cxd5 9. d4 e4 10. Nge2 Nc6 11. Nf4 h6 12. O-O Bf5 13. Qe2 Qd7 14. Kh2 Rad8 15. Nh5 Nxh5 16. Qxh5 Bg6 17. Qg4 Bf5 18. Qh5 Bh7 19. h4 Bg6 20. Qe2 Qf5 21. Bh3 Qf3 22. Qxf3 exf3 23. Bg4 Bb4 24. Bxf3 Bxc3 25. bxc3 Bxc2 26. Rac1 Bd3 27. Rfd1 Bc4 28. Rd2 b6 29. Kg2 Rfe8 30. Re1 Na5 31. Rc1 Kf8 32. a3 Nb3 33. Rcd1 Nxd2 34. Rxd2 a5 35. Rb2 b5 36. Bf4 Re1 37. Bc7 Ra8 38. h5 Rc1 39. a4 bxa4 40. Rb7 Bf1+ 41. Kh2 Bc4 42. Bg4 Kg8 43. Bd6 Bd3 44. Bd7 Be4 45. Kh3 f5 46. g4 Rh1+ 47. Kg3 Rg1+ 48. Kf4 Rxg4+ 49. Ke3 Rg1 50. Be6+ Kh8 51. Be5 a3 52. Rb6 a2 53. Bf7 Kh7 54. Bg6+ Kg8 55. Bf7+ Kxf7 56. Rb7+ Kg8 0-1


[Site "https://www.chess.com"]

[Event "Titled Tuesday Blitz August 1 Early 2023"]
[White "alfianasybullina"]
[Black "Bueno, Alfeu Junior Varela"]
[BlackFideId "2108879"]
[WhiteElo "2242"]
[BlackElo "2389"]
[Result "1-0"]
[Round "11"]
[TimeControl "180+1"]
[Date "2023.08.01"]
[WhiteClock "0:00:22"]
[BlackClock "0:00:02"]
[Board "131"]

1. Nf3 e6 2. g3 f5 3. d4 b6 4. Bg2 Bb7 5. O-O Nf6 6. c4 Be7 7. Nc3 Ne4 8. Nxe4 Bxe4 9. Ne5 Bxg2 10. Kxg2 O-O 11. h4 d6 12. Nf3 Nd7 13. Bg5 Bf6 14. e3 Qe8 15. Qc2 e5 16. Bxf6 Rxf6 17. dxe5 dxe5 18. e4 f4 19. Rad1 Nc5 20. Rd5 Qg6 21. Rxe5 Raf8 22. b4 Ne6 23. Rf5 Rxf5 24. exf5 Rxf5 25. Qe4 fxg3 26. fxg3 Qf6 27. Nd2 Rxf1 28. Nxf1 Nd4 29. Ne3 c6 30. Qe8+ Qf8 31. Qe4 Qd6 32. Ng4 h6 33. Ne5 c5 34. bxc5 Qxc5 35. Qd5+ Qxd5+ 36. cxd5 Kf8 37. Kf2 Ke7 38. Ke3 Nf5+ 39. Kf4 Nd6 40. Nc6+ Kd7 41. Nxa7 b5 42. Nc6 Nc4 43. Ne5+ Kd6 44. Nxc4+ bxc4 45. Ke4 g5 46. hxg5 hxg5 47. Kd4 c3 48. Kxc3 Kxd5 49. a4 Ke4 50. a5 Kf3 51. a6 Kxg3 52. a7 1-0


[Site "https://www.chess.com"]

[Event "Titled Tuesday Blitz August 1 Early 2023"]
[White "Gauravthegm"]
[Black "BeautiFullMindChess"]
[WhiteElo "2384"]
[BlackElo "2193"]
[Result "0-1"]
[Round "11"]
[TimeControl "180+1"]
[Date "2023.08.01"]
[WhiteClock "0:00:05"]
[BlackClock "0:01:34"]
[Board "132"]

1. e4 c5 2. Nc3 Nc6 3. g3 g6 4. Bg2 Bg7 5. d3 e6 6. f4 Nge7 7. Nf3 O-O 8. O-O d5 9. e5 f6 10. exf6 Bxf6 11. Bd2 Nf5 12. Re1 Qd6 13. Qe2 a6 14. Kh1 b5 15. Qf1 Bb7 16. Ne2 Bxb2 17. Rab1 Bg7 18. c3 Rae8 19. g4 Nfe7 20. d4 c4 21. Ng3 b4 22. Qe2 Bc8 23. Ne5 Nxe5 24. fxe5 Qc7 25. Rxb4 Nc6 26. Rbb1 Bd7 27. Bc1 Qa5 28. Rb7 Bc8 29. Rb2 Qxc3 30. Rd1 Nxd4 31. Qe3 Qxe3 32. Bxe3 Nb5 33. a4 Bxe5 34. axb5 Bxb2 35. bxa6 Bxa6 36. h4 c3 0-1


[Site "https://www.chess.com"]